 Dungeon Crawl Stone Soup version 0.22-a0-833-g8522bf8 (webtiles) character file.

40751 Amnesiac the Geomancer (level 13, -6/88 HPs)
             Began as a Mummy Earth Elementalist on July 25, 2018.
             Was an Elder of Vehumet.
             Killed from afar by an efreet (37 damage)
             ... with a bolt of fire
             ... on level 14 of the Dungeon.
             The game lasted 00:43:30 (15318 turns).

Amnesiac the Geomancer (Mummy Earth Elementalist)  Turns: 15318, Time: 00:43:30

Health: -6/88      AC: 14    Str: 11    XL:     13   Next: 76%
Magic:  28/30      EV: 10    Int: 31    God:    Vehumet [****..]
Gold:   656        SH:  5    Dex: 14    Spells: 22/39 levels left

rFire    x . .     SeeInvis .   a - +7 sceptre of Torment
rCold    + + .     Gourm    .   i - +0 buckler
rNeg     + + +     Faith    .   e - +1 scale mail of Tierr {rN+ Int+10}
rPois    ∞         Spirit   .   K - +2 helmet {Int+3}
rElec    .         Reflect  .   s - +1 cloak
rCorr    +         Harm     .   A - +0 pair of gloves
MR       +....                  t - +0 pair of boots
Stlth    ..........             f - amulet of regeneration
HPRegen  0.64/turn              u - ring of protection from cold
MPRegen  0.22/turn              w - ring of resist corrosion

@: very slightly contaminated
A: no food or potions, fire vulnerability, cold resistance 1, negative energy
resistance 3, torment resistance, unbreathing, in touch with death 1
a: Renounce Religion


You were on level 14 of the Dungeon.
You worshipped Vehumet.
Vehumet was greatly pleased with you.
You were not hungry.

You visited 2 branches of the dungeon, and saw 15 of its levels.
You also visited: Labyrinth and Bailey.

You collected 1011 gold pieces.
You spent 355 gold pieces at shops.

Inventory:

Hand Weapons
 a - the +7 sceptre of Torment (weapon)
   (You found it on level 8 of the Dungeon)
Missiles
 p - 338 stones (quivered)
 C - 293 arrows
Armour
 e - the +1 scale mail of Tierr (worn) {rN+ Int+10}
   (You found it on level 9 of the Dungeon)

   It affects your intelligence (+10).
   It protects you from negative energy.
 i - a +0 buckler (worn)
 s - a +1 cloak (worn)
 t - a +0 pair of boots (worn)
 A - a +0 pair of gloves (worn)
 K - a +2 helmet of intelligence (worn)
Jewellery
 f - an amulet of regeneration (around neck)
 u - a ring of protection from cold (left hand)
 w - a ring of resist corrosion (right hand)
Wands
 b - a wand of disintegration (11)
 h - a wand of acid (10)
 k - a wand of flame (18)
 m - a wand of enslavement (14)
 o - a wand of paralysis (30)
 I - a wand of random effects (14)
 J - a wand of iceblast (10)
Scrolls
 c - a scroll of torment {!r}
 d - a scroll of identify {!r}
 g - 9 scrolls of remove curse {!r}
 j - 11 scrolls of teleportation {!r}
 l - a scroll of acquirement {!r}
 n - 3 scrolls of amnesia {!r}
 r - a scroll of brand weapon {!r}
 v - a scroll of fog {!r}
 x - 2 scrolls of enchant weapon {!r}
 y - 3 scrolls of summoning {!r}
 z - 2 scrolls of magic mapping {!r}
 D - 2 scrolls of fear {!r}
 E - 5 scrolls of enchant armour {!r}
 F - a scroll of blinking {!r}
Miscellaneous
 M - a box of beasts
 N - a phial of floods
 P - a sack of spiders


   Skills:
 - Level 4.0 Fighting
 + Level 6.8 Staves
 - Level 4.0 Dodging
 - Level 1.5 Stealth
 - Level 4.0 Shields
 + Level 13.7 Spellcasting
 + Level 2.2 Conjurations
 + Level 2.4 Transmutations
 * Level 13.8 Earth Magic
 - Level 4.0 Evocations


You had 22 spell levels left.
You knew the following spells:

 Your Spells              Type           Power        Failure   Level  Hunger
a - Stone Arrow           Conj/Erth      ######       1%          3    N/A
b - Passwall              Tmut/Erth      ######..     1%          2    N/A
c - Sandblast             Erth           ######       1%          1    N/A
d - Lee's Rapid Deconstr  Erth           #######...   1%          5    N/A
e - Petrify               Tmut/Erth      ######..     4%          4    N/A
f - Sticks to Snakes      Tmut           #####...     8%          2    N/A

Your spell library contained the following spells:

 Spells                   Type           Power        Failure   Level  Hunger
 Cause Fear               Hex            ###.......   80%         4    N/A
 Slow                     Hex            ###.....     22%         2    N/A
 Confuse                  Hex            ###.....     38%         3    N/A
 Spider Form              Tmut/Pois      ####......   26%         3    N/A
 Blade Hands              Tmut           #####.....   82%         5    N/A
 Ice Form                 Ice/Tmut       ####....     65%         4    N/A
 Confusing Touch          Hex            ###...       14%         1    N/A
 Metabolic Englaciation   Hex/Ice        ###.......   98%         5    N/A
 Corona                   Hex            ###....      14%         1    N/A
 Portal Projectile        Hex/Tloc       ###...       38%         3    N/A
 Leda's Liquefaction      Hex/Erth       ######....   9%          4    N/A
 Inner Flame              Hex/Fire       ###.....     11%         3    N/A
 Beastly Appendage        Tmut           #####.       5%          1    N/A
 Gell's Gravitas          Tloc           ###.......   38%         3    N/A
 Yara's Violent Unravell  Hex/Tmut       ####......   50%         5    N/A

Dungeon Overview and Level Annotations

Branches:
Dungeon (14/15)            Temple (1/1) D:7            Lair (0/6) D:11
    Orc (0/2) D:11         Vaults (0/5) D:14

Altars:
Ashenzari
Gozag
Kikubaaqudgha
Makhleb
Qazlal
Ru
Vehumet
Xom
Yredelemnul
Zin
The Shining One

Shops:
D:5 [   D:7 %   D:11 *%*(%   D:12 [

Annotations:
D:9 loot behind lava


Innate Abilities, Weirdness & Mutations

You do not eat or drink.
Your flesh is vulnerable to fire.
You are immune to poison.
Your flesh is cold resistant. (rC+)
You are immune to negative energy. (rN+++)
You are immune to unholy pain and torment.
You can survive without breathing.
You are in touch with the powers of death.


Message History

The big kobold is almost dead.
You hit the big kobold.
You kill the big kobold!
Vehumet accepts your kill.
You hit the hippogriff.
You feel a surge of unholy energy.
The hippogriff convulses!
The hippogriff is almost dead.
The hippogriff barely misses you.
The hippogriff pecks you but does no damage.
The hippogriff claws you.
Your scale mail of Tierr prevents you from hitting the hippogriff.
The hippogriff is almost dead.
You block the hippogriff's attack. The hippogriff pecks you.
You block the hippogriff's attack.
You sock the hippogriff!
You kill the hippogriff!
Vehumet accepts your kill.
A vault guard comes into view. It is wielding a war axe.
The vault guard shouts!
There is an open door here.
Things that are here:
a dagger; a big kobold corpse
Casting: Lee's Rapid Deconstruction (safe; 1% risk of failure)
Confirm with . or Enter, or press ? or * to list all spells.
Aiming: Lee's Rapid Deconstruction (safe; 1% risk of failure)
Press: ? - help, Dir - move target cursor A metal wall.
You miscast Lee's Rapid Deconstruction.
You are very lightly contaminated with residual magic.
The floor vibrates.
Unknown command.
An efreet comes into view. It is wielding a scimitar of flaming.
There is an open door here.
What are your orders? t - Shout!
Orders for allies: a - Attack new target. r - Retreat! s - Stop attacking. g - Guard the area. f - Follow me.
Anything else - Cancel.
You shout for attention!
The vault guard hits you but does no damage.
You thump the vault guard!
You feel a surge of unholy energy.
The vault guard convulses!
The vault guard is heavily wounded.
The vault guard hits you with a war axe!
Your scale mail of Tierr prevents you from hitting the vault guard.
The vault guard is heavily wounded.
Your scale mail of Tierr prevents you from hitting the vault guard.
The vault guard is heavily wounded.
The vault guard barely misses you.
Casting: Lee's Rapid Deconstruction (safe; 1% risk of failure)
Confirm with . or Enter, or press ? or * to list all spells.
Aiming: Lee's Rapid Deconstruction (safe; 1% risk of failure)
Press: ? - help, Dir - move target cursor, f - you You cannot affect that.
Okay, then.
The vault guard hits you with a war axe.
The efreet gestures at you. The bolt of fire hits you!
The fire burns you terribly!
Ouch! That really hurt!
* * * LOW HITPOINT WARNING * * *
The efreet gestures at you. The bolt of fire hits you!
The fire burns you terribly!
You die...

. ##....§####........# ..
#.#...#§##.........#
..§#.R....R#..........#
...§§..∩...'.....######
...#.......#.....# ..
#.#...#.##...## . ##.....####.p#
. ###'### ##.# .# ##...## #@# ..#
##.....## #..# ######+
...##.......##...# #......
.................# #......
.............#.#.# #......
..........##........#######......
#####.##########..........'......
#..# ###.########...... ##.## #.#
#####'#


You could see a vault guard and an efreet.

Vanquished Creatures
  Agnes (D:14)
  A minotaur (Lab)
  A yaktaur captain (D:8)
  A vault guard (D:14)
  2 hydras
  Harold (D:7)
  A catoblepas (D:8)
  2 centaur warriors
  3 two-headed ogres
  A queen ant (shapeshifter) (D:13)
  Sonja (D:14)
  An unseen horror (D:14)
  4 lindwurms (D:9)
  2 deep elf magi
  5 orc knights (Bailey)
  An ugly thing (D:10)
  An elephant (D:11)
  3 centaur zombies
  9 gargoyles
  2 komodo dragons
  2 freezing wraiths (D:14)
  4 trolls
  3 meliai (D:13)
  A hornet (D:14)
  2 dream sheep (D:8)
  8 hippogriffs
  9 slime creatures
  2 vampires
  26 yaks
  A basilisk (D:11)
  A wraith (D:13)
  A steam dragon (D:9)
  6 vampire mosquitoes
  3 hungry ghosts
  Edmund (D:6)
  2 acid dragons
  A soldier ant (D:10)
  7 ice beasts
  14 orc warriors
  3 sky beasts
  An eye of draining (D:13)
  A hornet zombie (D:11)
  3 phantoms
  3 necrophages
  6 ogres
  11 centaurs
  8 big kobolds
  2 crocodiles
  6 bullfrogs
  A wyvern zombie (D:14)
  3 scorpions
  A wyvern skeleton (D:6)
  5 killer bees (D:10)
  A water moccasin skeleton (D:8)
  The ghost of Gildeon the Ruffian, a weakling DrTm (D:3)
  4 wights (D:11)
  7 crimson imps
  A howler monkey (D:4)
  A bullfrog zombie (D:12)
  A quasit (D:3)
  A bullfrog skeleton (D:12)
  5 hounds
  4 jellies
  7 orc priests
  9 orc wizards
  3 iguanas
  10 worker ants
  Ijyb (D:5)
  A hound zombie (D:11)
  A hound skeleton (D:5)
  Robin (D:4)
  5 gnolls
  8 adders
  4 shadow imps
  3 oozes (D:3)
  An adder zombie (D:6)
  An adder skeleton (D:7)
  6 worms
  A dart slug (D:1)
  9 leopard geckos
  76 orcs
  10 bats
  4 giant cockroaches
  22 goblins
  18 hobgoblins
  6 jackals
  38 kobolds
  8 quokkas
  8 frilled lizards
  A jackal skeleton (D:7)
  A quokka zombie (D:7)
  11 rats
491 creatures vanquished.

Vanquished Creatures (collateral kills)
  An ugly thing (D:12)
  A slime creature (D:13)
2 creatures vanquished.

Grand Total: 493 creatures vanquished

Notes
Turn   | Place    | Note
-------+----------+-------------------------------------------
     0 | D:1      | Amnesiac the Mummy Earth Elementalist began the quest for the Orb.
     0 | D:1      | Reached XP level 1. HP: 13/13 MP: 4/4
    79 | D:2      | You fall through a shaft!
    79 | D:3      | Noticed a quasit
   287 | D:2      | Reached XP level 2. HP: 19/19 MP: 5/5
   294 | D:2      | Learned a level 2 spell: Passwall
   483 | D:4      | Found a stormy altar of Qazlal.
   503 | D:4      | Reached XP level 3. HP: 24/24 MP: 3/7
   508 | D:4      | Learned a level 3 spell: Stone Arrow
   597 | D:4      | Reached XP level 4. HP: 20/30 MP: 1/9
   621 | D:4      | Learned a level 4 spell: Petrify
   789 | D:4      | Got a smoking scale mail
   855 | D:4      | Reached XP level 5. HP: 29/35 MP: 8/11
   938 | D:4      | Noticed Robin
   948 | D:4      | Killed Robin
  1113 | D:5      | Entered Level 5 of the Dungeon
  1178 | D:5      | Noticed an ice beast
  1239 | D:5      | Noticed a centaur
  1255 | D:5      | Killed an ice beast
  1255 | D:5      | Reached skill level 5 in Spellcasting
  1255 | D:5      | Reached XP level 6. HP: 19/41 MP: 4/13
  1262 | D:5      | Learned a level 5 spell: Lee's Rapid Deconstruction
  1305 | D:5      | Identified the +6 scale mail of Sorcery {rF+ MP+9 Int-3 Dex+8} (You found it on level 4 of the Dungeon)
  1394 | D:5      | Reached skill level 5 in Earth Magic
  1477 | D:5      | Found an ancient bone altar of Kikubaaqudgha.
  1533 | D:5      | Noticed Ijyb
  1547 | D:5      | Found Zukhuw's Antique Armour Boutique.
  1878 | D:5      | Found a burning altar of Makhleb.
  1978 | D:5      | Reached XP level 7. HP: 46/46 MP: 12/15
  2271 | D:6      | Noticed Edmund
  2327 | D:6      | Reached XP level 8. HP: 5/52 MP: 14/18
  3693 | D:7      | Found Vimel Koq's Food Shop.
  3814 | D:7      | Found a staircase to the Ecumenical Temple.
  4077 | Temple   | Entered the Ecumenical Temple
  4087 | Temple   | Became a worshipper of Vehumet
  4209 | D:3      | Found a runed door.
  4210 | D:3      | Noticed Gildeon's ghost (weakling DrTm)
  4217 | D:2      | Found a stormy altar of Qazlal.
  4223 | D:2      | Reached * piety under Vehumet
  4223 | D:2      | Offered knowledge of Flame Tongue by Vehumet.
  4726 | D:1      | Reached XP level 9. HP: 50/57 MP: 8/21
  4805 | D:2      | Offered knowledge of Throw Flame by Vehumet.
  4853 | D:2      | Reached ** piety under Vehumet
  4878 | D:2      | Found a glowing golden altar of the Shining One.
  5475 | D:3      | Found an opulent altar of Gozag.
  5476 | D:3      | Found a shattered altar of Ashenzari.
  5511 | D:3      | Found a runed door.
  5681 | D:3      | Killed Gildeon's ghost
  5784 | D:5      | Killed Ijyb
  5909 | D:6      | Offered knowledge of Ignite Poison by Vehumet.
  5951 | D:6      | Reached *** piety under Vehumet
  6114 | D:6      | Offered knowledge of Fulminant Prism by Vehumet.
  6247 | D:6      | Killed Edmund
  6359 | D:8      | Noticed a two-headed ogre
  6377 | D:8      | Noticed Harold
  6469 | D:7      | Killed Harold
  6633 | D:8      | Killed a two-headed ogre
  6633 | D:8      | Reached skill level 10 in Spellcasting
  6633 | D:8      | Reached skill level 10 in Earth Magic
  6707 | D:8      | Found the +7 sceptre of Torment
  6722 | D:8      | Reached XP level 10. HP: 63/63 MP: 10/24
  6788 | D:8      | Found a glowing silver altar of Zin.
  6996 | D:8      | Reached **** piety under Vehumet
  7107 | D:8      | Found a runed door.
  7125 | D:8      | Noticed a yaktaur captain
  7125 | D:8      | Noticed a catoblepas
  7276 | D:8      | Offered knowledge of Bolt of Magma by Vehumet.
  7277 | D:8      | Reached skill level 1 in Fighting
  7277 | D:8      | Reached skill level 1 in Staves
  7291 | D:8      | Noticed a two-headed hydra
  7296 | D:8      | Killed a two-headed hydra
  7296 | D:8      | Reached skill level 1 in Shields
  7296 | D:8      | Reached skill level 1 in Evocations
  7487 | D:8      | Learned a level 2 spell: Sticks to Snakes
  8451 | D:9      | Got a faintly glowing scale mail
  8809 | D:9      | Noticed a lindwurm
  8810 | D:9      | Noticed a lindwurm
  8810 | D:9      | Noticed a lindwurm
  8815 | D:9      | Noticed a lindwurm
  9328 | D:9      | Killed a lindwurm
  9329 | D:9      | Killed a lindwurm
  9329 | D:9      | Reached XP level 11. HP: 73/73 MP: 5/26
  9332 | D:9      | Killed a lindwurm
  9367 | D:9      | Killed a lindwurm
  9443 | D:10     | Entered Level 10 of the Dungeon
  9443 | D:10     | Noticed a two-headed ogre
  9447 | D:10     | Killed a two-headed ogre
  9827 | D:10     | Noticed a purple ugly thing
  9843 | D:10     | Killed a purple ugly thing
 10258 | D:10     | Identified the +1 scale mail of Tierr {rN+ Int+10} (You found it on level 9 of the Dungeon)
 10399 | D:5      | Bought a buckler for 103 gold pieces
 10599 | D:8      | Killed a catoblepas
 10736 | D:8      | Killed a yaktaur captain
 11209 | D:11     | Found Doemor's Food Boutique.
 11371 | D:11     | Reached ***** piety under Vehumet
 11374 | D:11     | Offered knowledge of Conjure Ball Lightning by Vehumet.
 11374 | D:11     | Reached XP level 12. HP: 47/83 MP: 27/27
 11446 | D:11     | Found Uteikeot's Assorted Antiques.
 11454 | D:11     | Bought a pitted glass ring for 105 gold pieces
 11455 | D:11     | Identified the ring of Suith {Ice Dex+4} (You bought it in a shop on level 11 of the Dungeon)
 11456 | D:11     | Bought a glowing hat for 147 gold pieces
 11531 | D:11     | Found a staircase to the Lair.
 11547 | D:11     | Found Osuvom's Antique Weapon Shoppe.
 11752 | D:11     | Found Mobelof's Food Emporium.
 11828 | D:11     | Found a staircase to the Orcish Mines.
 11857 | D:11     | Found Wemiq's Assorted Antiques.
 12167 | D:12     | Found a stormy altar of Qazlal.
 12197 | D:12     | Offered knowledge of Airstrike by Vehumet.
 12228 | D:12     | Found Jonaecai's Antique Armour Boutique.
 12340 | D:12     | Found a flagged portal.
 12356 | Bailey   | Entered a bailey
 12518 | Bailey   | Reached skill level 5 in Staves
 12595 | Bailey   | Identified a scroll of acquirement {!r}
 13454 | D:13     | Gained mutation: You are in touch with the powers of death. [Mummy growth]
 13454 | D:13     | Reached XP level 13. HP: 65/88 MP: 29/29
 13740 | D:13     | Found a labyrinth entrance.
 13744 | Lab      | Entered a labyrinth
 13861 | Lab      | Found an exit through the horrors of the Abyss.
 13907 | Lab      | Noticed a minotaur
 14053 | Lab      | Killed a minotaur
 14055 | Lab      | Got a twisted halberd {freeze}
 14086 | D:13     | Identified the +8 halberd "Satieheoli" {freeze, MR++} (You took it off a minotaur in a labyrinth)
 14099 | D:13     | Offered knowledge of Lightning Bolt by Vehumet.
 14360 | D:14     | Reached skill level 1 in Transmutations
 14606 | D:14     | Reached skill level 1 in Conjurations
 14868 | D:14     | Noticed Agnes
 14883 | D:14     | Killed Agnes
 14982 | D:14     | Found a shattered altar of Ashenzari.
 14984 | D:14     | Noticed Sonja
 14989 | D:14     | Killed Sonja
 15276 | D:14     | Found a gate to the Vaults.
 15318 | D:14     | Killed from afar by an efreet

Vault maps used:
D:1:      lemuel_arrival_broad_hall, serial_glass, glass_columns_b,
          glass_columns_a
D:2:      nicolae_overflow_crystal_walls, lemuel_crystal_altar
D:3:      gammafunk_temple_overflow_statue, ebering_ghost_sewer_f,
          minmay_crystal_water
D:4:      nicolae_qazlal_general_emergency, uniq_robin
D:5:      makhleb_heckhound_becter, kiku_gazebo_pond_becter, first_ration,
          serial_shops, shop, uniq_ijyb
D:6:      corexii_shantytown, uniq_edmund
D:7:      temple_statues, serial_shops, nicolae_shop_crystal
D:8:      basic_altar, hangedman_ranch, wad_hexagon, uniq_harold
D:9:      minmay_lindwurm_lava
D:11:     cheibrodos_statue_roulette, david_lair_generic, serial_shops,
          nicolae_shop_overgrown_old_shop, shop_fountains, kennysheep_mini,
          kennysheep_mini_moat, nicolae_shop_overgrown_old_shop, serial_glass,
          glass_columns_a, glass_columns_c, glass_columns_a, glass_columns_a,
          glass_columns_b, glass_columns_b, glass_columns_b, glass_columns_a,
          glass_columns_c, glass_columns_b, minmay_misc_feat_columns
D:12:     basic_altar, serial_shops, nicolae_shop_crystal, enter_bailey_7
D:13:     lab_entry_generic
D:14:     lightli_vaults_fourway_checkpoint, evilmike_ruin_ashenzari,
          uniq_agnes, uniq_sonja
Temple:   eino_temple_rhombus
Lab:      labyrinth_watery, labyrinth_skeletal_remains, lab_hedge,
          nicolae_lab_plus, lab_block, nicolae_lab_hexagon, labyrinth_fake_exit
Bailey:   bailey_polearm_5, bailey

Skill      XL: |  1  2  3  4  5  6  7  8  9 10 11 12 13 |
---------------+----------------------------------------+-----
Spellcasting   | 3 4 5 7 8 10 11 12 13 | 13.7
Earth Magic    | 3 4 5 6 8 10 11 13 | 13.8
Fighting       | 2 4 |  4.0
Staves         | 2 3 5 6 |  6.8
Dodging        | 2 4 |  4.0
Shields        | 2 3 4 |  4.0
Evocations     | 2 3 4 |  4.0
Transmutations | 2 |  2.4
Conjurations   | 2 |  2.2
Stealth        | |  1.5

Action                   |  1- 3 |  4- 6 |  7- 9 | 10-12 | 13-15 || total
-------------------------+-------+-------+-------+-------+-------++-------
Melee: Whip              |    21 |    27 |    59 |       |       ||   107
       Unarmed           |     3 |       |       |       |       ||     3
       Trident           |       |       |    87 |       |       ||    87
       Staff             |       |       |       |   559 |   160 ||   719
 Cast: Sandblast         |    17 |    70 |   112 |     1 |       ||   200
       Stone Arrow       |     1 |       |    87 |    42 |    25 ||   155
       Passwall          |       |    12 |     2 |     1 |     1 ||    16
       Lee's Rapid Decon |       |       |    32 |   100 |    40 ||   172
       Petrify           |       |       |     1 |     7 |     1 ||     9
       Sticks to Snakes  |       |       |       |    19 |    12 ||    31
Evoke: Wand              |       |       |     6 |     6 |       ||    12
  Use: Scroll            |       |       |     9 |    11 |     3 ||    23
 Stab: Sleeping          |       |     1 |    10 |     6 |       ||    17
       Betrayed ally     |       |       |       |     3 |     1 ||     4
       Petrified         |       |       |       |    19 |       ||    19
       Distracted        |       |       |       |     1 |       ||     1
Armor: Robe              |     9 |    14 |    73 |       |       ||    96
       Scale mail        |       |     7 |     8 |   230 |    95 ||   340
       Ring mail         |       |       |       |    20 |       ||    20
       Steam dragon scal |       |       |       |    83 |       ||    83
Dodge: Dodged            |    41 |    46 |   134 |   358 |    72 ||   651
Block: Buckler           |       |       |       |   104 |    38 ||   142

Table legend:
 A = Spawn XP
 B = Non-spawn XP
 C = Spawn XP percentage of total XP
 D = Spawn monster count
 E = Non-spawn monster count
 F = Spawn count percentage of total count
 G = Total turns spent on level
                    A         B        C        D         E        F      G
               +---------+---------+-------+---------+---------+-------+---------
         Total |       0 |   58216 |   0.0 |       0 |     493 |   0.0 | 15318
               +---------+---------+-------+---------+---------+-------+---------
           D:1 |       0 |      59 |   0.0 |       0 |      29 |   0.0 |   694
           D:2 |       0 |     129 |   0.0 |       0 |      27 |   0.0 |   882
           D:3 |       0 |     205 |   0.0 |       0 |      37 |   0.0 |   494
           D:4 |       0 |     292 |   0.0 |       0 |      18 |   0.0 |   716
           D:5 |       0 |     546 |   0.0 |       0 |      11 |   0.0 |  1240
           D:6 |       0 |    1216 |   0.0 |       0 |      62 |   0.0 |  1325
           D:7 |       0 |    1795 |   0.0 |       0 |      22 |   0.0 |  1524
           D:8 |       0 |    6432 |   0.0 |       0 |      37 |   0.0 |  1798
           D:9 |       0 |    3858 |   0.0 |       0 |      18 |   0.0 |  1637
          D:10 |       0 |    5084 |   0.0 |       0 |      28 |   0.0 |   880
          D:11 |       0 |    6423 |   0.0 |       0 |      43 |   0.0 |   820
          D:12 |       0 |    6528 |   0.0 |       0 |      56 |   0.0 |   718
          D:13 |       0 |    7252 |   0.0 |       0 |      32 |   0.0 |   591
          D:14 |       0 |   11355 |   0.0 |       0 |      28 |   0.0 |   975
           Lab |       0 |    2869 |   0.0 |       0 |       5 |   0.0 |   323
        Bailey |       0 |    4173 |   0.0 |       0 |      40 |   0.0 |   684
               +---------+---------+-------+---------+---------+-------+---------
